 Dungeon Sprint DCSS version 0.31-a0-662-g684573625c (webtiles) character file.

Game seed: 15746189780664911984

704 rocky1 the Martial Artist (level 7, -12/53 HPs)
             Began as a Djinni Shapeshifter on Aug 31, 2023.
             Was an Initiate of Gozag.
             Mangled by an eight-headed hydra (13 damage)
             ... in the Dungeon (Sprint IX: "|||||||||||||||||||||||||||||").
             The game lasted 00:01:36 (1005 turns).

rocky1 the Martial Artist (Djinni Shapeshifter)     Turns: 1005, Time: 00:01:37

Health: -12/53     AC:  9    Str: 13    XL:     7   Next: 99%
Gold:   324        EV: 12    Int: 12    God:    Gozag SH:  0 Dex: 14

rFire   + +          .
                       - Unarmed
rCold   x . .        (no shield)
rNeg    . . .        m - +1 chain mail
rPois   ∞            (helmet currently unavailable)
rElec   .            (cloak currently unavailable)
rCorr   .            (gloves currently unavailable)
SInv    .            (boots unavailable)
Will    .....        (no amulet) Stlth
                     n - +2 ring of evasion
HPRegen 0.28/turn    o - +2 ring of evasion
MPRegen 0.00/turn

%: no teleportation, infuse magic (-13 HP)
@: beast-form, flying, hasted, invisible, very quick
A: beast (slay +4), flying, sickness immunity, fire resistance 2, cold
vulnerability 1, float, innate caster, HP casting, extra vitality 1
a: Begin Untransformation, Renounce Religion, Potion Petition, Call Merchant,
Bribe Branch


You were in the Dungeon.
You worshipped Gozag.
Gozag was aware of your devotion.
You were a hulking beast.
You visited 1 branch You collected 324 gold pieces.

Inventory:

Armour
 a - a +0 animal skin
 k - a +0 cloak
 l - a +0 helmet
 m - a +1 chain mail (worn)
Jewellery
 n - a +2 ring of evasion (left hand)
 o - a +2 ring of evasion (right hand)
Talismans
 c - a beast talisman (active)
 d - a flux talisman
Wands
 j - a wand of light (10)
Scrolls
 i - 2 scrolls of blinking
Potions
 e - 5 potions of curing
 f - a potion of heal wounds


   Skills:
 * Level 4.7 Fighting
 + Level 0.3 Armour
 + Level 6.2 Dodging
 - Level 0.1 Stealth
 * Level 12.4 Unarmed Combat
 + Level 7.3 Shapeshifting


You knew the following spells:

 Your Spells              Type           Power      Damage    Failure   Level
a - Summon Small Mammal   Summ           0%         N/A       100%        1
b - Ensorcelled Hibernat  Hex/Ice        0%         N/A       100%        2
c - Ozocubu's Armour      Ice            0%         N/A       100%        3
Your spell library was empty.


Dungeon Overview and Level Annotations

Branches:
Dungeon (1/1)

Altars:
Cheibriados
Dithmenos
Elyvilon
Fedhas
Gozag
Hepliaklqana
Makhleb
Nemelex Xobeh
Okawaru
Qazlal
Ru
Trog
Uskayaw
Wu Jian
Xom
Yredelemnul
Zin
The Shining One
Jiyva
Lugonu


Innate Abilities, Weirdness & Mutations

You are a hulking beast.
Your limbs bulge with bestial killing power. (Slay +4)
You are flying.
You are immune to sickness and miasma.
You are immune to poison.
Your flesh is very heat resistant. (rF++)
You are vulnerable to cold. (rC-)
You float through the air rather than walking.
You learn spells naturally, not from books.
Your magical power is your life essence.
You have superior vitality. (+4 MHP)


Message History

You reach down and open the door.
A howler monkey, a centaur warrior, a skeletal warrior, a human, an eight-headed hydra and a shadow come into view.
The howler monkey howls!
The centaur warrior shouts!
The human shouts!
The eight-headed hydra roars!
The howler monkey hoots and howls with incredible vigour!
You fade into invisibility!
You feel yourself speed up.
The eight-headed hydra barely misses you. x2
The eight-headed hydra bites you! x2; The eight-headed hydra bites you.
The eight-headed hydra bites you! The eight-headed hydra misses you.
The eight-headed hydra barely misses you.
Unknown command.
You punch the eight-headed hydra!
The eight-headed hydra is lightly wounded.
You feel much better.
The shadow slips into darkness.
The shadow flickers and vanishes!
Deactivating autopickup; reactivate with Ctrl-A.
The eight-headed hydra bites you! The eight-headed hydra bites you.
The eight-headed hydra bites you! The eight-headed hydra bites you.
The eight-headed hydra barely misses you.
The eight-headed hydra bites you!
* * * LOW HITPOINT WARNING * * *
The eight-headed hydra bites you!
* * * LOW HITPOINT WARNING * * *
The eight-headed hydra barely misses you.
You feel much better.
The howler monkey hoots and howls with incredible vigour!
You punch the eight-headed hydra!
The eight-headed hydra is moderately wounded.
The eight-headed hydra bites you! The eight-headed hydra bites you.
* * * LOW HITPOINT WARNING * * *
The eight-headed hydra barely misses you.
The eight-headed hydra bites you.
* * * LOW HITPOINT WARNING * * *
The eight-headed hydra bites you!
* * * LOW HITPOINT WARNING * * *
The eight-headed hydra misses you. The eight-headed hydra bites you!
You die...
Your body crumbles into a pile of gold. ▓▓▓▓▓▓▓▓▓▓▓▓▓▓▓▓▓▓▓▓▓▓▓▓ h.czp{Dh...))'......)?!' ▓▓▓▓▓▓▓▓▓▓▓▓▓▓▓▓▓▓▓▓▓▓▓▓

You could see an eight-headed hydra (unable to see you), a skeletal warrior (unable to see you), a centaur warrior (unable to see you), a human (unable to see you) and a howler monkey (unable to see you, catching breath).

Vanquished Creatures
  A hornet (D)
  A wraith (D)
  A vampire mosquito (D)
  A gnoll sergeant (D)
  A killer bee (D)
  A hound (D)
  An iguana (D)
  An orc wizard (D)
  2 adders (D)
  A white imp (D)
  A goblin (D)
  2 hobgoblins (D)
  2 rats (D)
16 creatures vanquished.

Notes
Turn   | Place    | Note
-------+----------+-------------------------------------------
     0 | D        | rocky1 the Djinni Shapeshifter began the quest for the Orb.
     0 | D        | Reached XP level 1. HP: 17/17 MP: 0/0
   122 | D        | Noticed a hound
   122 | D        | Noticed an iguana
   128 | D        | Killed an iguana
   129 | D        | Reached skill level 4 in Unarmed Combat
   129 | D        | Reached XP level 2. HP: 22/22 MP: 0/0
   129 | D        | Reached XP level 3. HP: 27/27 MP: 0/0
   129 | D        | Learned a level 1 spell: Summon Small Mammal
   137 | D        | Reached skill level 5 in Unarmed Combat
   138 | D        | Reached XP level 4. HP: 32/32 MP: 0/0
   144 | D        | Reached skill level 6 in Unarmed Combat
   144 | D        | Reached skill level 5 in Shapeshifting
   548 | D        | Found a snail-covered altar of Cheibriados.
   548 | D        | Found a shadowy altar of Dithmenos.
   548 | D        | Found a white marble altar of Elyvilon.
   548 | D        | Found a blossoming altar of Fedhas.
   548 | D        | Found an opulent altar of Gozag.
   549 | D        | Found a hazy altar of Hepliaklqana.
   550 | D        | Found a viscous altar of Jiyva.
   552 | D        | Found a corrupted altar of Lugonu.
   555 | D        | Found a burning altar of Makhleb.
   556 | D        | Found a sparkling altar of Nemelex Xobeh.
   557 | D        | Found an iron altar of Okawaru.
   558 | D        | Became a worshipper of Gozag Ym Sagoz the Greedy
   559 | D        | Found a stormy altar of Qazlal.
   560 | D        | Found a sacrificial altar of Ru.
   562 | D        | Found a bloodstained altar of Trog.
   563 | D        | Found a hide-covered altar of Uskayaw.
   565 | D        | Found an ornate altar of the Wu Jian Council.
   566 | D        | Found a shimmering altar of Xom.
   567 | D        | Found a basalt altar of Yredelemnul.
   568 | D        | Found a glowing silver altar of Zin.
   569 | D        | Found a glowing golden altar of the Shining One.
   612 | D        | Noticed a gnoll sergeant
   612 | D        | Noticed a hornet
   612 | D        | Noticed a wraith
   612 | D        | Noticed a vampire mosquito
   617 | D        | Killed a vampire mosquito
   618 | D        | Reached skill level 8 in Unarmed Combat
   618 | D        | Reached XP level 5. HP: 40/40 MP: 0/0
   618 | D        | Learned a level 2 spell: Ensorcelled Hibernation
   618 | D        | Reached XP level 6. HP: 45/45 MP: 0/0
   631 | D        | Killed a wraith
   632 | D        | Reached skill level 5 in Dodging
   632 | D        | Reached skill level 10 in Unarmed Combat
   641 | D        | Killed a hornet
   642 | D        | Reached skill level 11 in Unarmed Combat
   642 | D        | Reached XP level 7. HP: 53/53 MP: 0/0
   642 | D        | Learned a level 3 spell: Ozocubu's Armour
   705 | D        | Reached skill level 12 in Unarmed Combat
   999 | D        | Noticed a centaur warrior
   999 | D        | Noticed a skeletal warrior
   999 | D        | Noticed a human
   999 | D        | Noticed an eight-headed hydra
   999 | D        | Noticed a shadow
  1005 | D        | HP: 1/53 [eight-headed hydra (11)]
  1005 | D        | Mangled by an eight-headed hydra

Illustrated notes

Levels and vault maps discovered:
D:        linesprint [early_d, line_temple, items_1, d_10, items_2, lair_1,
          lair_end, items_3, orc_1, orc_end, items_4, d_15, swamp_1, shoals_1,
          snake_1, spider_1, d_20, vaults_1, items_5, swamp_end, shoals_end,
          snake_end, spider_end, vaults_end, d_27, items_6, zot_1, zot_end,
          crypt_end, forest_end, elf_end, slime_end, tomb_end, abyss_end,
          pan_hell_end]

Skill      XL: |  1  2  3  4  5  6  7 |
---------------+----------------------+-----
Shapeshifting  | 4 6 7 |  7.3
Dodging        | 3 4 5 6 |  6.2
Unarmed Combat | 4 5 8 11 12 | 12.4
Fighting       | 2 4 |  4.7
Armour         | |  0.3
Stealth        | |  0.1

Action                     |  1- 3 |  4- 6 |  7- 9 || total
---------------------------+-------+-------+-------++-------
  Melee: Unarmed           |    26 |    39 |    11 ||    76
         Punch             |       |     1 |       ||     1
    Use: Potion            |     1 |     1 |     4 ||     6
 Armour: Animal skin       |     5 |     7 |       ||    12
         Skin              |       |    25 |       ||    25
         Chain mail        |       |     1 |    24 ||    25
  Dodge: Dodged            |    10 |    13 |    12 ||    35

Table legend: (Time is in decaauts)
 A = Elapsed time spent in this place.
 B = Non-inter-level travel time spent in this place.
 C = Inter-level travel time spent in this place.
 D = Time resting spent in this place.
 E = Time spent auto-exploring this place.
 F = Levels seen in this place.
 G = Mean time per level.
                   A        B        C        D        E       F      G
               +--------+--------+--------+--------+--------+-----+--------+
         Total |    998 |    998 |      0 |    826 |      0 |   1 |  998.0 |
       Dungeon |    998 |    998 |      0 |    826 |      0 |   1 |  998.0 |
               +--------+--------+--------+--------+--------+-----+--------+

Top non-repeatable levels by time:
       D: 998 daAuts
